 Dungeon Crawl Stone Soup version 0.28.0-49-g6dfe1f597d (webtiles) character file.

Game seed: 8152138114273486790

35 Exodus22XD the Covered (level 3, 17/34 HPs)
             Began as a Deep Dwarf Fighter on May 14, 2022.
             Was a Follower of Okawaru.
             Quit the game on level 2 of the Dungeon.
             The game lasted 00:01:14 (1326 turns).

Exodus22XD the Covered (Deep Dwarf Fighter)         Turns: 1326, Time: 00:01:14

Health: 17/34      AC:  9    Str: 21    XL:     3   Next: 16%
Magic:  3/3        EV:  9    Int:  8    God:    Okawaru [*.....]
Gold:   63         SH:  4    Dex: 12    Spells: 2/2 levels left

rFire   . . .      SeeInvis .   a - +0 war axe
rCold   . . .      Faith    .   c - +0 buckler
rNeg    . . .      Spirit   .   b - +0 scale mail
rPois   .          Reflect  .   h - +0 helmet
rElec   .          Harm     .   (no cloak)
rCorr   .          Rampage  .   f - +0 pair of gloves
Will    .....                   (no boots)
Stlth   ..........              (no amulet)
HPRegen 0.00/turn               (no ring)
MPRegen 0.08/turn               (no ring)

@: no status effects
A: damage resistance, heal wounds, sense surroundings 1, no regeneration
a: Heal Wounds, Renounce Religion, Heroism


You were on level 2 of the Dungeon.
You worshipped Okawaru.
Okawaru was aware of your devotion.
You visited 1 branch of the dungeon, and saw 2 of its levels.

You collected 63 gold pieces.

Inventory:

Hand Weapons
 a - a +0 war axe (weapon)
Armour
 b - a +0 scale mail (worn)
 c - a +0 buckler (worn)
 f - a +0 pair of gloves (worn)
 h - a +0 helmet (worn)
Scrolls
 e - a scroll of noise {unknown}
 j - a scroll of blinking {unknown}
 k - a scroll of amnesia {unknown}
 l - a scroll of vulnerability {unknown}
Potions
 d - a potion of might
 g - a potion of attraction {unknown}
 i - a potion of berserk rage {unknown}


   Skills:
 + Level 3.0 Fighting
 + Level 2.8 Axes
 + Level 3.7 Armour
 + Level 3.7 Shields


You had 2 spell levels left.
You didn't know any spells.
Your spell library was empty.

Dungeon Overview and Level Annotations

Branches:
Dungeon (2/15)

Altars:
Okawaru


Innate Abilities, Weirdness & Mutations

You are resistant to damage.
You can heal yourself by infusing magical energy.
You passively map a small area around you.
You do not regenerate.


Message History

A frilled lizard comes into view.
The frilled lizard hisses angrily.
The ball python bites you but does no damage.
The ball python barely misses you.
The ball python bites you but does no damage.
The ball python grabs you. The ball python constricts you.
You closely miss the ball python.
The ball python bites you but does no damage.
The ball python constricts you.
The ball python bites you but does no damage.
The ball python constricts you.
The frilled lizard bites you but does no damage.
You slash the ball python!
You kill the ball python!
You hit the frilled lizard.
You kill the frilled lizard!
Found a stone staircase leading down.
You are too injured to fight recklessly!
You are too injured to fight recklessly!
Found a faded altar of an unknown god.
You are too injured to fight recklessly!
There is an empty arch of ancient stone here.
There is an empty arch of ancient stone here.
There is a faded altar of an unknown god here.
Found a stone staircase leading up.
You are too injured to fight recklessly!
A rat comes into view.
You are too injured to fight recklessly!
A rat is nearby!
You are too injured to fight recklessly!
You are too injured to fight recklessly!
The rat barely misses you.
You slash the rat!
You kill the rat!
There is a faded altar of an unknown god here.
You cannot tell which god this altar belongs to.
Convert to them anyway?
Okawaru accepts your prayer! Okawaru welcomes you!
You can now gain great but temporary skills.
Are you sure you want to abandon this character and quit the game? (Confirm with "yes".)

###* # #.< , .. #.#
.#* #.###..##
#........ #######
#.###..##
###∩#∩#∩######.###..##
#....@.......†........
#.#∩#∩#∩###.##.#.#####
#.#########.##.#.#
#.######.##....#.#####
#........##.##.#......
########.......#......
#..............
#.##.##.##.....
#.##.##.##.....


There were no monsters in sight!

Vanquished Creatures
  2 dart slugs
  3 ball pythons
  4 endoplasms
  2 giant cockroaches (D:1)
  A goblin (D:2)
  2 hobgoblins
  5 kobolds
  5 bats
  2 frilled lizards (D:2)
  3 rats
29 creatures vanquished.

Vanquished Creatures (others)
  2 plants (D:2)
2 creatures vanquished.

Grand Total: 31 creatures vanquished

Notes
Turn   | Place    | Note
-------+----------+-------------------------------------------
     0 | D:1      | Exodus22XD the Deep Dwarf Fighter began the quest for the
                  | Orb.
     0 | D:1      | Reached XP level 1. HP: 20/20 MP: 1/1
   160 | D:1      | Reached XP level 2. HP: 21/27 MP: 2/2
   983 | D:2      | Reached XP level 3. HP: 17/34 MP: 3/3
  1282 | D:2      | Found a faded altar of an unknown god.
  1325 | D:2      | Prayed at the altar of an unknown god.
  1325 | D:2      | Became a worshipper of Warmaster Okawaru
  1325 | D:2      | Reached * piety under Okawaru
  1326 | D:2      | Quit the game

Illustrated notes

Levels and vault maps discovered:
D:1:      mushboom_english_gardens, layout_basic
D:2:      minmay_evil_eye, layout_loops_cross, serial_forest,
          infiniplex_forest_straight_3, infiniplex_forest_clump_long,
          infiniplex_forest_end_2, infiniplex_forest_straight_4,
          infiniplex_forest_straight_4, ebering_ecumenical_altar_hall

Skill      XL: |  1  2 |
---------------+-------+-----
Fighting       | 3 |  3.0
Axes           | |  2.8
Armour         | |  3.7
Shields        | |  3.7

Action                   || total
-------------------------++-------
Melee: War axe           ||    77
Armor: Scale mail        ||    39
Dodge: Dodged            ||    34
Block: Buckler           ||    13
